 Dungeon Crawl Stone Soup version 0.27.1-2-g3b301248ec (webtiles) character file.

Game seed: 11484836916270067592

240 SibleyIrresistible the Gusty (level 6, -2/37 HPs)
             Began as a Tengu Air Elementalist on Sept 26, 2021.
             Slain by Duvessa (8 damage)
             ... on level 4 of the Dungeon.
             The game lasted 00:10:47 (3391 turns).

SibleyIrresistible the Gusty (TeAE)                 Turns: 3391, Time: 00:10:48

Health: -2/37      AC:  2    Str:  9    XL:     6   Next: 8%
Magic:  5/10       EV: 14    Int: 23    God:
Gold:   218        SH:  0    Dex: 14    Spells: 3/9 levels left

rFire    . . .     SeeInvis .   b - +1 dagger (freeze)
rCold    . . .     Faith    .   (no shield)
rNeg     . . .     Spirit   .   a - +0 robe
rPois    .         Reflect  .   (helmet restricted)
rElec    .         Harm     .   (no cloak)
rCorr    .         Rampage  .   (no gloves)
Will     .....                  (boots unavailable)
Stlth    +.........             u - amulet of regeneration
HPRegen  1.12/turn              d - +6 ring of intelligence
MPRegen  0.12/turn              r - ring of wizardry

@: lit by a corona, flying quickly and evasively, glowing, quick
A: beak, talons 3, nimble flight
a: no special abilities


You were on level 4 of the Dungeon.
You visited 1 branch of the dungeon, and saw 4 of its levels.

You collected 218 gold pieces.

Inventory:

Hand Weapons
 b - a +1 dagger of freezing (weapon)
Armour
 a - a +0 robe (worn)
Jewellery
 d - a +6 ring of intelligence (left hand)
 n - a ring of willpower
 r - a ring of wizardry (right hand)
 u - an amulet of regeneration (around neck)
Wands
 o - a wand of acid (8)
 p - a wand of paralysis (6)
Scrolls
 f - a scroll of brand weapon {unknown}
 h - a scroll of noise {unknown}
 l - 4 scrolls of teleportation {unknown}
 m - 2 scrolls of identify {unknown}
 q - a scroll of magic mapping {unknown}
 t - a scroll of fear {unknown}
 v - a scroll of enchant armour {unknown}
 w - a scroll of fog {unknown}
Potions
 c - a potion of might {unknown}
 e - a potion of magic {unknown}
 g - 2 potions of flight
 i - 4 potions of curing
 j - a potion of degeneration {unknown}
 k - a potion of attraction {unknown}
 s - a potion of berserk rage {unknown}


   Skills:
 + Level 3.0 Fighting
 - Level 2.1 Dodging
 - Level 2.0 Stealth
 - Level 2.0 Spellcasting
 - Level 1.3 Conjurations
 * Level 7.5 Air Magic


You had 3 spell levels left.
You knew the following spells:

 Your Spells              Type           Power      Damage    Failure   Level
a - Shock                 Conj/Air       88%        1d8       1%          1
b - Swiftness             Air            37%        N/A       1%          3
c - Static Discharge      Conj/Air       22%        N/A       1%          2

Your spell library contained the following spells:

 Spells                   Type           Power      Damage    Failure   Level
 Gell's Gravitas          Tloc           1%         N/A       16%         3
 Lesser Beckoning         Tloc           1%         N/A       16%         3
 Teleport Other           Tloc           2%         N/A       16%         3
 Airstrike                Air            18%        N/A       2%          4


Dungeon Overview and Level Annotations

Branches:
Dungeon (4/15)
 Temple: D:4-7

Altars:

Annotations:
D:4 Duvessa


Innate Abilities, Weirdness & Mutations

You have a beak for a mouth.
You have claws for feet.
Your magical nature lets you fly swiftly and evasively.


Message History

Aiming: Shock (safe; 1% risk of failure)
Press: ? - help, Shift-Dir - straight line, f/p - Dowan
Aim: Dowan, wielding a +0 dagger and wearing a +0 robe (severely wounded, 64% to hit)
The zap hits Dowan!
You kill Dowan!
Duvessa screams in rage.
Duvessa goes berserk!
Your Fighting skill increases to level 3!
You have reached level 6!
Your experience leads to an increase in your attributes!
Your base attributes are Str 9, Int 16, Dex 14.
Increase (S)trength, (I)ntelligence, or (D)exterity?
You feel clever.
Duvessa rages.
Duvessa rages.
Casting: Shock (safe; 1% risk of failure)
Confirm with . or Enter, or press ? or * to list all spells.
Aiming: Shock (safe; 1% risk of failure)
Press: ? - help, Shift-Dir - straight line The zap hits Duvessa!
Duvessa is lightly wounded.
The zap hits Duvessa but does no damage.
Duvessa is lightly wounded.
Duvessa hits you with a +0 short sword! x2
* * * LOW HITPOINT WARNING * * *
Okay, then.
Okay, then.
It was a potion of curing.
You feel better. Duvessa hits you but does no damage.
It was a potion of flight.
You feel more buoyant. Duvessa hits you with a +0 short sword.
* * * LOW HITPOINT WARNING * * *
Duvessa hits you with a +0 short sword!
* * * LOW HITPOINT WARNING * * *
Duvessa closely misses you.
You feel better. Duvessa hits you with a +0 short sword!
* * * LOW HITPOINT WARNING * * *
Duvessa hits you with a +0 short sword!
You die...

## ### #.## ##.##
##..####...# . ..
#...##.#...##### ..
....#...........##.# .
.........e....###..### # ..
)##.....@##...##.....# ...
.....)###......#....## ..#.
......##.....##.....# ....
......#.....)......## .#
.<............)..)## ####
....................# ...#
.....................#
...##.....##>.............#
...........................


You could see Duvessa (berserk).

Vanquished Creatures
  Dowan (D:4)
  A water moccasin skeleton (D:4)
  4 gnolls (D:3)
  4 adders
  A worm (D:2)
  3 dart slugs
  6 bats
  6 endoplasms
  2 giant cockroaches
  7 hobgoblins
  4 jackals (D:3)
  4 kobolds
  A quokka (D:1)
  4 ball pythons
  4 frilled lizards
  5 goblins
  7 rats
64 creatures vanquished.

Notes
Turn   | Place    | Note
-------+----------+-------------------------------------------
     0 | D:1      | SibleyIrresistible the Tengu Air Elementalist began the
                  | quest for the Orb.
     0 | D:1      | Reached XP level 1. HP: 10/10 MP: 4/4
   148 | D:1      | Reached XP level 2. HP: 7/16 MP: 0/6
   689 | D:1      | Reached skill level 1 in Fighting
   712 | D:1      | Reached skill level 5 in Air Magic
   827 | D:1      | Reached XP level 3. HP: 20/20 MP: 4/7
  1296 | D:2      | Found a faded altar of an unknown god.
  1898 | D:2      | Reached XP level 4. HP: 14/26 MP: 0/8
  2326 | D:3      | Reached skill level 6 in Air Magic
  2517 | D:3      | Learned a level 3 spell: Swiftness
  2520 | D:3      | Learned a level 2 spell: Static Discharge
  2705 | D:3      | Gained mutation: Your magical nature lets you fly swiftly
                  | and evasively. [Tengu growth]
  2705 | D:3      | Reached XP level 5. HP: 30/30 MP: 2/9
  3185 | D:4      | Reached skill level 7 in Air Magic
  3373 | D:4      | Noticed Dowan
  3375 | D:4      | Noticed Duvessa
  3378 | D:4      | Killed Dowan
  3379 | D:4      | Reached XP level 6. HP: 37/37 MP: 4/10
  3391 | D:4      | Slain by Duvessa

Illustrated notes

Levels and vault maps discovered:
D:1:      eino_arrival_water_cross, layout_rooms, columned_hall_lemuel,
          chequers_decorated_corner, nrook_campfire
D:2:      layout_basic, basic_ecumenical_altar, glass_columns_a,
          minmay_misc_feat_columns
D:3:      layout_rooms, minmay_vboxes
D:4:      layout_cave_pools, lemuel_mausoleum_altar_kikubaaqudgha, uniq_edmund,
          uniq_duvessa

Skill      XL: |  1  2  3  4  5 |
---------------+----------------+-----
Fighting       | 1 2 3 |  3.0
Air Magic      | 5 6 7 |  7.5
Dodging        | |  2.1
Stealth        | |  2.0
Spellcasting   | |  2.0
Conjurations   | |  1.3

Action                   |  1- 3 |  4- 6 || total
-------------------------+-------+-------++-------
Melee: Dagger            |     2 |    13 ||    15
       Kick              |       |     2 ||     2
 Cast: Shock             |    67 |    75 ||   142
  Use: Potion            |       |     3 ||     3
 Stab: Sleeping          |       |     1 ||     1
Armor: Robe              |     2 |     4 ||     6
Dodge: Dodged            |     4 |    18 ||    22
